 Dungeon Crawl Stone Soup version 0.28-a0-1395-g4f6bc678fa (webtiles) character file.

Game seed: 9972981179172305423

46 Deminshera the Chucker (level 3, -1/27 HPs)
             Began as a Demonspawn Wanderer on Jan 4, 2022.
             Slain by Edmund (11 damage)
             ... on level 4 of the Dungeon.
             The game lasted 00:02:56 (2382 turns).

Deminshera the Chucker (Demonspawn Wanderer)        Turns: 2382, Time: 00:02:57

Health: -1/27      AC:  4    Str: 16    XL:     3   Next: 46%
Magic:  5/5        EV: 11    Int: 13    God:
Gold:   94         SH:  0    Dex: 10    Spells: 1/5 levels left

rFire   . . .      SeeInvis .   e - staff of death
rCold   . . .      Faith    .   (no shield)
rNeg    + . .      Spirit   .   d - +0 leather armour
rPois   .          Reflect  .   (no helmet)
rElec   .          Harm     .   (no cloak)
rCorr   .          Rampage  .   (no gloves)
Will    .....                   (no boots)
Stlth   +.........              (no amulet)
HPRegen 0.09/turn               (no ring)
MPRegen 0.09/turn               (no ring)

@: no status effects
A: rugged brown scales 1, demonic touch 1
a: no special abilities


You were on level 4 of the Dungeon.
You visited 1 branch of the dungeon, and saw 3 of its levels.

You collected 94 gold pieces.

Inventory:

Hand Weapons
 a - a +2 spear
Missiles
 b - 11 poisoned darts (quivered)
Armour
 d - a +0 leather armour (worn)
Magical Staves
 e - a staff of death (weapon)
Scrolls
 f - 2 scrolls of identify
 j - a scroll of teleportation {unknown}
Potions
 g - a potion of degeneration {unknown}
 h - a potion of haste {unknown}
 i - a potion of lignification {unknown}
 k - a potion of invisibility {unknown}


   Skills:
 - Level 2.0 Fighting
 - Level 2.6(2.9) Polearms
 + Level 1.4(2.3) Staves
 - Level 2.6 Throwing
 + Level 1.9 Spellcasting
 + Level 2.3 Necromancy


You had one spell level left.
You knew the following spells:

 Your Spells              Type           Power      Damage    Failure   Level
a - Animate Skeleton      Necr           20%        N/A       12%         1
b - Vampiric Draining     Necr           10%        2d6       36%         3

Your spell library contained the following spells:

 Spells                   Type           Power      Damage    Failure   Level


Dungeon Overview and Level Annotations

Branches:
Dungeon (2/15)

Altars:

Shops:
D:1 ((([   D:2 *

Annotations:
D:4 Edmund


Innate Abilities, Weirdness & Mutations

You are partially covered in rugged brown scales. (AC +1, +3% HP)
Your touch may inflict minor irresistible damage on your foes.


Message History

You closely miss the bat.
You touch the bat.
You kill the bat!
No target in view!
You already know all available spells.
Unknown command.
A sourceless malevolence fills the Dungeon...
You fall into a shaft and drop 2 floors!
The shaft crumbles and collapses.
j - a scroll labelled RERHAAMILOE
Found 25 arrows.
You now have 94 gold pieces (gained 12).
You see here 25 arrows.
k - a lumpy red potion You open the door.
There is an open door here.
You open the door.
Edmund the Younger comes into view.
He is wielding a +2 dire flail of protection.
Edmund shouts!
There is an open door here.
You close the door.
There is an open door here.
Edmund opens the door.
A kobold comes into view. It is wielding a +0 short sword.
The kobold closely misses you.
You barely miss the kobold.
The kobold hits you with a +0 short sword.
You barely miss the kobold. The kobold misses you.
You closely miss the kobold.
You touch the kobold.
You kill the kobold!
Cast which spell? (? or * to list)
There is nothing nearby to animate!
As you read the scroll labelled ETAYCWODWE, it crumbles to dust.
It is a scroll of identify.
c - a scroll of summoning Edmund hits you with a +2 dire flail of protection!
Found 18 gold pieces.
As you read the scroll of summoning, it crumbles to dust.
Wisps of shadow whirl around you...
Edmund hits you with a +2 dire flail of protection!
You die...

#. # #.# . #.# # #. #.#
.$ #. #.. #.##.######
#.. .....#.h. #..
#####..#.#############..
.......@@........)......
######...##############.
#.S.# #. #.... +. ######
#. ... ...# ..... .....


You could see Edmund (ally target), a friendly hound (summoned) and a friendly
ball python (summoned).

Vanquished Creatures
  An adder (D:2)
  2 dart slugs (D:1)
  5 bats
  A giant cockroach (D:1)
  4 goblins
  2 hobgoblins (D:1)
  2 jackals (D:2)
  3 ball pythons
  4 frilled lizards
  7 kobolds
  5 rats
36 creatures vanquished.

Notes
Turn   | Place    | Note
-------+----------+-------------------------------------------
     0 | D:1      | Deminshera the Demonspawn Wanderer began the quest for the
                  | Orb.
     0 | D:1      | Deminshera set off with the following items: a +2 spear, 11
                  | poisoned darts, a +0 dagger, a +0 leather armour; and the
                  | following spell memorised: Animate Skeleton; and the
                  | following spells available to memorise: Vampiric Draining
     0 | D:1      | Reached XP level 1. HP: 16/16 MP: 2/2
   373 | D:1      | Found Musixof's Weapon Shop.
   395 | D:1      | Found Waobaom's Weapon Emporium.
   463 | D:1      | Gained mutation: You are partially covered in rugged brown
                  | scales. (AC +1, +3% HP) [demonic ancestry]
   463 | D:1      | Reached XP level 2. HP: 11/22 MP: 3/3
   788 | D:1      | Found Asashrayn's Antique Armour Shop.
  1008 | D:1      | Reached skill level 1 in Staves
  1080 | D:1      | Found Laptued's Weapon Boutique.
  1867 | D:2      | Gained mutation: Your touch may inflict minor irresistible
                  | damage on your foes. [demonic ancestry]
  1867 | D:2      | Reached XP level 3. HP: 27/27 MP: 5/5
  1883 | D:2      | Found Fivej's General Store.
  1888 | D:2      | Learned a level 3 spell: Vampiric Draining
  2258 | D:2      | You fall into a shaft and drop 2 floors!
  2333 | D:4      | Noticed Edmund
  2382 | D:4      | Slain by Edmund

Illustrated notes

Levels and vault maps discovered:
D:1:      minmay_arrival_glassed_features, layout_basic, serial_shops,
          nicolae_shop_hallway_stairs, nicolae_diamond_shop,
          nicolae_shop_statue_plus, nicolae_shop_bloodbath_and_beyond,
          serial_forest, infiniplex_forest_end_1, infiniplex_forest_clump_tiny,
          infiniplex_forest_fountain, infiniplex_forest_end_double,
          infiniplex_forest_clump_long, infiniplex_forest_side_room,
          infiniplex_forest_end_2, infiniplex_forest_straight_2,
          infiniplex_forest_side_room, minmay_misc_feat_four_crosses,
          palyth_stone_intersect, minmay_tetromino_l4
D:2:      layout_basic, serial_shops, nicolae_shop_hallway_plus,
          hellmonk_ecumenical_altar_pennies_from_heaven,
          serial_co_window_serial, co_window_of_opportunity_a,
          co_window_of_opportunity_a, co_window_of_opportunity_a,
          co_window_of_opportunity_a, co_window_paths_b, co_window_cross_4,
          co_window_unsneaky_path_c, co_window_corner_b, co_window_corner_cb,
          co_window_paths_c, co_window_corner_cb, co_window_of_opportunity_c,
          co_window_paths_d, glass_columns_b
D:4:      layout_basic, uniq_edmund

Skill      XL: |  1  2 |
---------------+-------+-----
Staves         | 1 |  1.4
Necromancy     | 2 |  2.3
Fighting       | |  2.0
Polearms       | |  2.6
Throwing       | |  2.6
Spellcasting   | |  1.9

Action                   || total
-------------------------++-------
Melee: Staff             ||   148
       Touch             ||     6
  Use: Scroll            ||     2
Armor: Leather armour    ||    44
Dodge: Dodged            ||   111

Table legend: (Time is in decaauts)
 A = Elapsed time spent in this place.
 B = Non-inter-level travel time spent in this place.
 C = Inter-level travel time spent in this place.
 D = Time resting spent in this place.
 E = Time spent auto-exploring this place.
 F = Levels seen in this place.
 G = Mean time per level.
                   A        B        C        D        E       F      G
               +--------+--------+--------+--------+--------+-----+--------+
         Total |   2396 |   2387 |      9 |    131 |   1890 |   3 |  798.7 |
       Dungeon |   2396 |   2387 |      9 |    131 |   1890 |   3 |  798.7 |
               +--------+--------+--------+--------+--------+-----+--------+

Top non-repeatable levels by time:
     D:1: 1853 daAuts
     D:2: 418 daAuts
     D:4: 124 daAuts
